| TOP OF THE 1ST |
|
Johnson City Cardinals batting - Pitching for Chicago (APP) Cubs : RHP Josh MacQueen
|
|
Pitching: RHP Josh MacQueen
|
|
|
Batting: SHB Hank Arias
|
0-0: Ball 1-0: Ball 2-0: Swinging Strike 2-1: Called Strike 2-2: Foul Ball, location: 2F 2-2: Ball 3-2: Strikes out swinging, 2-3 out at first.
|
|
Batting: RHB Josh Broome
|
0-0: Foul Ball, location: 2F 0-1: Ball 1-1: Foul Ball, location: 2F 1-2: Ground out 5-3 (Groundball, 5L, EV 89.4 MPH)
|
|
Batting: RHB Mike Zimmerly
|
0-0: Ball 1-0: Foul Ball, location: 2F 1-1: Reached on error, E7 (Flyball, 7, EV 81.9 MPH)
|
|
Batting: RHB Chris Norris
|
0-0: Foul Ball, location: 2F 0-1: Ball Wild Pitch! Mike Zimmerly to third 1-1: Ball 2-1: Fly out, F4 (Flyball, 34D, EV 90.0 MPH)
|
| Top of the 1st over - 0 runs, 0 hits, 1 error, 1 left on base; Johnson City 0 - Chicago (APP) 0 |
| BOTTOM OF THE 1ST |
|
Chicago (APP) Cubs batting - Pitching for Johnson City Cardinals : LHP John Fisher
|
|
Pitching: LHP John Fisher
|
|
|
Batting: SHB Andrew Baron
|
0-0: SINGLE (Groundball, 4D, EV 101.2 MPH)
|
|
Batting: RHB Jake Mitchell
|
0-0: DOUBLE (Line Drive, 7LS, EV 112.5 MPH) Andrew Baron to third
|
|
Batting: RHB Tak-keung Chieu
|
0-0: Called Strike 0-1: Ball 1-1: Called Strike 1-2: Ball 2-2: Strikes out looking
|
|
Batting: RHB Randy Schmitt
|
0-0: Called Strike 0-1: Ground out 6-3 (Groundball, 6, EV 93.8 MPH) Andrew Baron scores
|
|
Batting: RHB Julio Arteaga
|
0-0: Ball 1-0: Swinging Strike 1-1: Swinging Strike 1-2: Strikes out swinging
|
| Bottom of the 1st over - 1 run, 2 hits, 0 errors, 1 left on base; Johnson City 0 - Chicago (APP) 1 |
| TOP OF THE 2ND |
|
Johnson City Cardinals batting - Pitching for Chicago (APP) Cubs : RHP Josh MacQueen
|
|
Batting: RHB Immel Kamuzu
|
0-0: Called Strike 0-1: Ball 1-1: Ball 2-1: Called Strike 2-2: Strikes out swinging
|
|
Batting: RHB Vic Nelson
|
0-0: Called Strike 0-1: Ball 1-1: Fly out, F4 (Flyball, 34D, EV 90.0 MPH)
|
|
Batting: RHB Chris Jones
|
0-0: Foul Ball, location: 2F 0-1: Ground out 5-3 (Groundball, 56, EV 83.8 MPH)
|
| Top of the 2nd over - 0 runs, 0 hits, 0 errors, 0 left on base; Johnson City 0 - Chicago (APP) 1 |
| BOTTOM OF THE 2ND |
|
Chicago (APP) Cubs batting - Pitching for Johnson City Cardinals : LHP John Fisher
|
|
Batting: RHB Jake Newman
|
0-0: Called Strike 0-1: Fly out, F7 (Flyball, 7LS, EV 86.9 MPH)
|
|
Batting: RHB Dwight Bean
|
0-0: Called Strike 0-1: Ball 1-1: Swinging Strike 1-2: Ball 2-2: Strikes out swinging
|
|
Batting: LHB Neal Brody
|
0-0: Called Strike 0-1: Ball 1-1: Foul Ball, location: 2F 1-2: Ball 2-2: Strikes out looking
|
| Bottom of the 2nd over - 0 runs, 0 hits, 0 errors, 0 left on base; Johnson City 0 - Chicago (APP) 1 |
| TOP OF THE 3RD |
|
Johnson City Cardinals batting - Pitching for Chicago (APP) Cubs : RHP Josh MacQueen
|
|
Batting: RHB Herbert Loveless
|
0-0: Ball 1-0: Ball 2-0: Called Strike 2-1: Reached on error, E6 (Line Drive, 6, EV 72.5 MPH)
|
|
Batting: RHB Sebastian Fisk
|
0-0: Called Strike 0-1: Ball Passed Ball! Herbert Loveless to second 1-1: Foul Ball, location: 2F 1-2: Strikes out swinging
|
|
Batting: SHB Hank Arias
|
0-0: Fly out, F9 (Flyball, 9, EV 76.9 MPH)
|
|
Batting: RHB Josh Broome
|
0-0: DOUBLE (Flyball, 89XD, EV 93.1 MPH) Herbert Loveless scores
|
|
Batting: RHB Mike Zimmerly
|
0-0: Called Strike 0-1: Foul Ball, location: 2F 0-2: Ball Passed Ball! Josh Broome to third 1-2: Foul Ball, location: 2F 1-2: Ball 2-2: DOUBLE (Line Drive, 9LD, EV 105.6 MPH) Josh Broome scores
|
|
Batting: RHB Chris Norris
|
0-0: Called Strike 0-1: Ball 1-1: Ball Wild Pitch! Mike Zimmerly to third 2-1: Ball 3-1: Swinging Strike 3-2: SINGLE (Groundball, 3S, EV 65.6 MPH) (infield hit) Mike Zimmerly scores
|
|
Batting: RHB Immel Kamuzu
|
0-0: Swinging Strike 0-1: Foul Ball, location: 2F 0-2: Ball 1-2: Ball Chris Norris steals 2nd base 2-2: Ball Passed Ball! Chris Norris to third 3-2: DOUBLE (Line Drive, 9LD, EV 111.2 MPH) Chris Norris scores
|
|
Batting: RHB Vic Nelson
|
0-0: Hit by Pitch
|
|
Batting: RHB Chris Jones
|
0-0: Ball 1-0: Ball Passed Ball! Immel Kamuzu to third Vic Nelson to second 2-0: Ball Wild Pitch! Immel Kamuzu scores Vic Nelson to third 3-0: Base on Balls
|
|
Batting: RHB Herbert Loveless
|
0-0: Ball Passed Ball! Vic Nelson scores Chris Jones to second 1-0: Called Strike 1-1: Ball 2-1: Ball Passed Ball! Chris Jones to third 3-1: Base on Balls
|
|
Batting: RHB Sebastian Fisk
|
0-0: Ball Wild Pitch! Chris Jones scores Herbert Loveless to second 1-0: Ball Wild Pitch! Herbert Loveless to third 2-0: Ball Wild Pitch! Herbert Loveless scores 3-0: Called Strike 3-1: Called Strike 3-2: Base on Balls
|
|
Pitching: RHP Carlos Zavala
|
|
|
Batting: SHB Hank Arias
|
0-0: Ball Wild Pitch! Sebastian Fisk to second 1-0: Called Strike 1-1: Ball 2-1: Ball 3-1: Base on Balls
|
|
Batting: RHB Josh Broome
|
0-0: Ball 1-0: Ball Passed Ball! Sebastian Fisk to third Hank Arias to second 2-0: Called Strike 2-1: SINGLE (Line Drive, 78M, EV 95.6 MPH) Sebastian Fisk scores Hank Arias to third Runner from 3rd tries for Home, SAFE, throw by CF to home Josh Broome to second
|
|
Batting: RHB Mike Zimmerly
|
0-0: TRIPLE (Flyball, 89XD, EV 96.9 MPH) Josh Broome scores
|
|
Batting: RHB Chris Norris
|
0-0: Called Strike 0-1: Called Strike 0-2: Strikes out swinging
|
| Top of the 3rd over - 11 runs, 6 hits, 1 error, 1 left on base; Johnson City 11 - Chicago (APP) 1 |
| BOTTOM OF THE 3RD |
|
Chicago (APP) Cubs batting - Pitching for Johnson City Cardinals : LHP John Fisher
|
|
Batting: LHB Arnaldo Cardamenho
|
0-0: Foul Ball, location: 2F 0-1: Foul Ball, location: 2F 0-2: Ball 1-2: Foul Ball, location: 2F 1-2: Strikes out swinging
|
|
Batting: SHB Andrew Baron
|
0-0: Ball 1-0: Ball 2-0: Ball 3-0: Base on Balls
|
|
Batting: RHB Jake Mitchell
|
0-0: Called Strike 0-1: Ball 1-1: Ball 2-1: Foul Ball, location: 2F 2-2: Strikes out swinging
|
|
Batting: RHB Tak-keung Chieu
|
0-0: Foul Ball, location: 2F 0-1: Ball 1-1: DOUBLE (Line Drive, 5D, EV 103.8 MPH) Andrew Baron to third Runner from 3rd tries for Home, throw by LF and OUT! 7-6-2
|
| Bottom of the 3rd over - 0 runs, 1 hit, 0 errors, 1 left on base; Johnson City 11 - Chicago (APP) 1 |
| TOP OF THE 4TH |
|
Johnson City Cardinals batting - Pitching for Chicago (APP) Cubs : RHP Carlos Zavala
|
|
Batting: RHB Immel Kamuzu
|
0-0: Ball 1-0: Ground out 4-3 (Groundball, 34, EV 109.4 MPH)
|
|
Batting: RHB Vic Nelson
|
0-0: Ball 1-0: Called Strike 1-1: Foul Ball, location: 2F 1-2: Foul Ball, location: 2F 1-2: Foul Ball, location: 2F 1-2: SINGLE (Groundball, 56, EV 97.5 MPH) (infield hit)
|
|
Pitching: LHP Eddie Panagos
|
|
|
Batting: RHB Chris Jones
|
0-0: Ball 1-0: Ball 2-0: Foul Ball, location: 2F 2-1: Swinging Strike 2-2: Foul Ball, location: 2F 2-2: Ball 3-2: Base on Balls Vic Nelson to second
|
|
Batting: RHB Herbert Loveless
|
0-0: Ball Passed Ball! Vic Nelson to third Chris Jones to second 1-0: Swinging Strike Passed Ball! Vic Nelson scores Chris Jones to third 1-1: Swinging Strike 1-2: Foul Ball, location: 2F 1-2: Foul Ball, location: 2F 1-2: Strikes out swinging
|
|
Batting: RHB Sebastian Fisk
|
0-0: Foul Ball, location: 2F 0-1: Swinging Strike 0-2: Ball 1-2: Strikes out looking
|
| Top of the 4th over - 1 run, 1 hit, 0 errors, 1 left on base; Johnson City 12 - Chicago (APP) 1 |
| BOTTOM OF THE 4TH |
|
Chicago (APP) Cubs batting - Pitching for Johnson City Cardinals : LHP John Fisher
|
|
Batting: RHB Randy Schmitt
|
0-0: Ball 1-0: Swinging Strike 1-1: Ball 2-1: Ball 3-1: Base on Balls
|
|
Batting: RHB Julio Arteaga
|
0-0: Swinging Strike 0-1: Called Strike 0-2: Ball 1-2: Foul Ball, location: 2F 1-2: Strikes out swinging
|
|
Batting: RHB Jake Newman
|
0-0: Called Strike 0-1: Ball 1-1: Ball 2-1: Foul Ball, location: 2F 2-2: Foul Ball, location: 2F 2-2: Ball 3-2: Strikes out swinging Randy Schmitt steals 2nd base (no throw) Batter strikes out.
|
|
Batting: RHB Dwight Bean
|
0-0: Called Strike 0-1: Ball 1-1: Hit by Pitch
|
|
Batting: LHB Neal Brody
|
0-0: Ball 1-0: Called Strike 1-1: Ball 2-1: Ball 3-1: Fielders Choice at 2nd, 6-4 (Groundball, 6, EV 87.5 MPH)
|
| Bottom of the 4th over - 0 runs, 0 hits, 0 errors, 2 left on base; Johnson City 12 - Chicago (APP) 1 |
| TOP OF THE 5TH |
|
Johnson City Cardinals batting - Pitching for Chicago (APP) Cubs : LHP Eddie Panagos
|
|
Batting: SHB Hank Arias
|
0-0: Called Strike 0-1: Foul Ball, location: 2F 0-2: Ball 1-2: Ball 2-2: Foul Ball, location: 2F 2-2: Foul Ball, location: 2F 2-2: Foul Ball, location: 2F 2-2: Foul Ball, location: 2F 2-2: Foul Ball, location: 2F 2-2: Ball 3-2: SINGLE (Groundball, 5S, EV 73.1 MPH) (infield hit)
|
|
Pitching: RHP Ryan Masterson
|
|
|
Batting: RHB Josh Broome
|
0-0: Ball 1-0: Ball Passed Ball! Hank Arias to second 2-0: Foul Ball, location: 2F 2-1: DOUBLE (Line Drive, 9LS, EV 114.4 MPH) Hank Arias scores
|
|
Batting: RHB Mike Zimmerly
|
0-0: Fly out, F9 (Line Drive, 9, EV 90.6 MPH)
|
|
Batting: RHB Chris Norris
|
0-0: Foul Ball, location: 2F 0-1: Called Strike 0-2: Strikes out looking
|
|
Batting: RHB Immel Kamuzu
|
0-0: Called Strike 0-1: Ball Wild Pitch! Josh Broome to third 1-1: Foul Ball, location: 2F 1-2: Fly out, F9 (Flyball, 89M, EV 84.4 MPH)
|
| Top of the 5th over - 1 run, 2 hits, 0 errors, 1 left on base; Johnson City 13 - Chicago (APP) 1 |
| BOTTOM OF THE 5TH |
|
Chicago (APP) Cubs batting - Pitching for Johnson City Cardinals : LHP John Fisher
|
|
Batting: LHB Arnaldo Cardamenho
|
0-0: Called Strike 0-1: Ball 1-1: Swinging Strike 1-2: Ball 2-2: Strikes out swinging
|
|
Batting: SHB Andrew Baron
|
0-0: Called Strike 0-1: Ground out 6-3 (Groundball, 6, EV 102.5 MPH)
|
|
Batting: RHB Jake Mitchell
|
0-0: Ball 1-0: Ball 2-0: Called Strike 2-1: Foul Ball, location: 2F 2-2: Ball 3-2: DOUBLE (Line Drive, 7D, EV 93.1 MPH)
|
|
Batting: RHB Tak-keung Chieu
|
0-0: Ball 1-0: Ball 2-0: Ball 3-0: Base on Balls
|
|
Batting: RHB Randy Schmitt
|
0-0: Ball 1-0: Ball 2-0: Ball 3-0: Base on Balls Jake Mitchell to third Tak-keung Chieu to second
|
|
Pitching: RHP Jim Vickers
|
|
|
Batting: RHB Julio Arteaga
|
0-0: Called Strike 0-1: Ball 1-1: Called Strike 1-2: Strikes out swinging
|
| Bottom of the 5th over - 0 runs, 1 hit, 0 errors, 3 left on base; Johnson City 13 - Chicago (APP) 1 |
| TOP OF THE 6TH |
|
Johnson City Cardinals batting - Pitching for Chicago (APP) Cubs : RHP Ryan Masterson
|
|
Batting: RHB Vic Nelson
|
0-0: Ball 1-0: Foul Ball, location: 2F 1-1: Swinging Strike 1-2: Ground out 5-3 (Groundball, 56, EV 90.0 MPH)
|
|
Batting: RHB Chris Jones
|
0-0: Foul Ball, location: 2F 0-1: Ball 1-1: Foul Ball, location: 2F 1-2: Strikes out swinging
|
|
Pitching: RHP Rob Craft
|
|
|
Batting: RHB Herbert Loveless
|
0-0: Ball 1-0: Foul Ball, location: 2F 1-1: Ball 2-1: Ball 3-1: Foul Ball, location: 2F 3-2: Fly out, F4 (Line Drive, 4, EV 63.8 MPH)
|
| Top of the 6th over - 0 runs, 0 hits, 0 errors, 0 left on base; Johnson City 13 - Chicago (APP) 1 |
| BOTTOM OF THE 6TH |
|
Chicago (APP) Cubs batting - Pitching for Johnson City Cardinals : RHP Jim Vickers
|
|
Batting: RHB Jake Newman
|
0-0: Ball 1-0: Ball 2-0: Called Strike 2-1: Ball 3-1: Ground out 5-3 (Groundball, 56, EV 86.9 MPH)
|
|
Batting: RHB Dwight Bean
|
0-0: Fly out, F9 (Flyball, 89M, EV 85.0 MPH)
|
|
Batting: LHB Neal Brody
|
0-0: Called Strike 0-1: Ball 1-1: SINGLE (Groundball, 6D, EV 101.2 MPH)
|
|
Batting: LHB Arnaldo Cardamenho
|
0-0: Ball 1-0: Foul Ball, location: 2F 1-1: Swinging Strike 1-2: Strikes out looking
|
| Bottom of the 6th over - 0 runs, 1 hit, 0 errors, 1 left on base; Johnson City 13 - Chicago (APP) 1 |
| TOP OF THE 7TH |
|
Johnson City Cardinals batting - Pitching for Chicago (APP) Cubs : RHP Rob Craft
|
|
Batting: RHB Sebastian Fisk
|
0-0: Ball 1-0: Ball 2-0: Foul Ball, location: 2F 2-1: Called Strike 2-2: Foul Ball, location: 2F 2-2: Ball 3-2: Ground out 4-3 (Groundball, 4, EV 88.1 MPH)
|
|
Batting: SHB Hank Arias
|
0-0: Ball 1-0: Ball 2-0: Ball 3-0: Called Strike 3-1: Base on Balls
|
|
Pitching: RHP Karl Stuart
|
|
|
Batting: RHB Josh Broome
|
0-0: Ball 1-0: Ball 2-0: Fielders Choice at 2nd, 5-4 (Groundball, 56, EV 83.8 MPH)
|
|
Batting: RHB Mike Zimmerly
|
0-0: Ball 1-0: Ball 2-0: Ball Wild Pitch! Josh Broome to second 3-0: Base on Balls
|
|
Batting: RHB Chris Norris
|
0-0: Ball 1-0: Ball Passed Ball! Josh Broome to third Mike Zimmerly to second 2-0: Ball 3-0: Called Strike 3-1: Base on Balls
|
|
Pinch Hitting: RHB Richard Riggs
|
0-0: Ball Passed Ball! Josh Broome scores Mike Zimmerly to third Chris Norris to second 1-0: Called Strike Passed Ball! Mike Zimmerly scores Chris Norris to third 1-1: Called Strike 1-2: Ball 2-2: Foul Ball, location: 2F 2-2: Foul Ball, location: 2F 2-2: Ball 3-2: Strikes out looking
|
| Top of the 7th over - 2 runs, 0 hits, 0 errors, 1 left on base; Johnson City 15 - Chicago (APP) 1 |
| BOTTOM OF THE 7TH |
|
Chicago (APP) Cubs batting - Pitching for Johnson City Cardinals : RHP Jim Vickers
|
|
Now at SS: Richard Riggs
|
|
|
Batting: SHB Andrew Baron
|
0-0: Ball 1-0: Fly out, F7 (Flyball, 7LM, EV 83.8 MPH)
|
|
Batting: RHB Jake Mitchell
|
0-0: Ball 1-0: Ball 2-0: Called Strike 2-1: Ground out 6-3 (Groundball, 6, EV 110.0 MPH)
|
|
Batting: RHB Tak-keung Chieu
|
0-0: Ball 1-0: Fly out, F8 (Flyball, 89M, EV 80.6 MPH)
|
| Bottom of the 7th over - 0 runs, 0 hits, 0 errors, 0 left on base; Johnson City 15 - Chicago (APP) 1 |
| TOP OF THE 8TH |
|
Johnson City Cardinals batting - Pitching for Chicago (APP) Cubs : RHP Karl Stuart
|
|
Pitching: RHP Dustin Buckner
|
|
|
Batting: RHB Vic Nelson
|
0-0: Called Strike 0-1: Ball 1-1: Ball 2-1: Ball 3-1: Foul Ball, location: 2F 3-2: Foul Ball, location: 2F 3-2: Foul Ball, location: 2F 3-2: Base on Balls
|
|
Batting: RHB Chris Jones
|
0-0: Foul Ball, location: 2F 0-1: Foul Ball, location: 2F 0-2: Strikes out swinging
|
|
Batting: RHB Herbert Loveless
|
0-0: Ball 1-0: Called Strike 1-1: Foul Ball, location: 2F 1-2: Ball 2-2: Foul Ball, location: 2F 2-2: Foul Ball, location: 2F 2-2: Foul Ball, location: 2F 2-2: Foul Ball, location: 2F 2-2: Ball 3-2: Fielders Choice at 2nd, 4-6 (Groundball, 4, EV 80.6 MPH)
|
|
Batting: RHB Sebastian Fisk
|
0-0: Ball Passed Ball! Herbert Loveless to second 1-0: Ground out 6-3 (Groundball, 6, EV 89.4 MPH)
|
| Top of the 8th over - 0 runs, 0 hits, 0 errors, 1 left on base; Johnson City 15 - Chicago (APP) 1 |
| BOTTOM OF THE 8TH |
|
Chicago (APP) Cubs batting - Pitching for Johnson City Cardinals : RHP Jim Vickers
|
|
Batting: RHB Randy Schmitt
|
0-0: Swinging Strike 0-1: Foul Ball, location: 2F 0-2: Strikes out swinging, 2-3 out at first.
|
|
Batting: RHB Julio Arteaga
|
0-0: Called Strike 0-1: Foul Ball, location: 2F 0-2: Strikes out swinging
|
|
Batting: RHB Jake Newman
|
0-0: Ball 1-0: Ball 2-0: Called Strike 2-1: Ground out 4-3 (Groundball, 4, EV 88.8 MPH)
|
| Bottom of the 8th over - 0 runs, 0 hits, 0 errors, 0 left on base; Johnson City 15 - Chicago (APP) 1 |
| TOP OF THE 9TH |
|
Johnson City Cardinals batting - Pitching for Chicago (APP) Cubs : RHP Dustin Buckner
|
|
Batting: SHB Hank Arias
|
0-0: Called Strike 0-1: Ball 1-1: Ball 2-1: Foul Ball, location: 2F 2-2: Strikes out swinging
|
|
Batting: RHB Josh Broome
|
0-0: Fly out, F8 (Flyball, 78XD, EV 87.5 MPH)
|
|
Batting: RHB Mike Zimmerly
|
0-0: Ball 1-0: Ball 2-0: Ball 3-0: Base on Balls
|
|
Batting: RHB Chris Norris
|
0-0: Ball 1-0: Ball 2-0: Foul Ball, location: 2F 2-1: Foul Ball, location: 2F 2-2: Strikes out swinging
|
| Top of the 9th over - 0 runs, 0 hits, 0 errors, 1 left on base; Johnson City 15 - Chicago (APP) 1 |
| BOTTOM OF THE 9TH |
|
Chicago (APP) Cubs batting - Pitching for Johnson City Cardinals : RHP Jim Vickers
|
|
Batting: RHB Dwight Bean
|
0-0: Called Strike 0-1: Foul Ball, location: 2F 0-2: Ball 1-2: Ball 2-2: Foul Ball, location: 2F 2-2: Ball 3-2: Strikes out swinging
|
|
Pitching: RHP Winston Tepper
|
|
|
Batting: LHB Neal Brody
|
0-0: Foul Ball, location: 2F 0-1: Ball 1-1: Called Strike 1-2: Ground out 6-3 (Groundball, 6, EV 90.0 MPH)
|
|
Batting: LHB Arnaldo Cardamenho
|
0-0: Ball 1-0: Swinging Strike 1-1: Ball 2-1: Foul Ball, location: 2F 2-2: Ball 3-2: Base on Balls
|
|
Batting: SHB Andrew Baron
|
0-0: Called Strike 0-1: Ball 1-1: Ball 2-1: Ball 3-1: Base on Balls Arnaldo Cardamenho to second
|
|
Batting: RHB Jake Mitchell
|
0-0: Fly out, F8 (Flyball, 8RD, EV 102.5 MPH)
|
| Bottom of the 9th over - 0 runs, 0 hits, 0 errors, 2 left on base; Johnson City 15 - Chicago (APP) 1 |
|